 Dungeon Crawl Stone Soup version 0.29.1-1-gd02db6906a (webtiles) character file.

Game seed: 8136901839048174417

32 AlexRAT the Trooper (level 3, 0/33 HPs)
             Began as a Minotaur Berserker on Oct 16, 2022.
             Was a Follower of Trog.
             Slain by a jackal (3 damage)
             ... on level 2 of the Dungeon.
             The game lasted 00:01:21 (1380 turns).

AlexRAT the Trooper (Minotaur Berserker)            Turns: 1380, Time: 00:01:22

Health: 0/33       AC:  2    Str: 23    XL:     3   Next: 10%
Magic:  2/2        EV: 12    Int:  4    God:    Trog [*.....]
Gold:   50         SH:  0    Dex:  9    Spells: 2/2 levels left

rFire   . . .      SeeInvis .   a - +0 hand axe
rCold   . . .      Faith    .   g - orb {mayhem}
rNeg    . . .      Spirit   .   b - +0 animal skin
rPois   .          Reflect  .   (helmet restricted)
rElec   .          Harm     .   (no cloak)
rCorr   .          Rampage  .   (no gloves)
Will    .....                   (no boots)
Stlth   +.........              (no amulet)
HPRegen 0.11/turn               (no ring)
MPRegen 0.08/turn               (no ring)

@: on berserk cooldown, slowed, very slow
A: horns 2, retaliatory headbutt
a: Renounce Religion, Berserk


You were on level 2 of the Dungeon.
You worshipped Trog.
Trog was aware of your devotion.
You visited 1 branch of the dungeon, and saw 2 of its levels.

You collected 50 gold pieces.

Inventory:

Hand Weapons
 a - a +0 hand axe (weapon)
Armour
 b - a +0 animal skin (worn)
 g - an orb of mayhem (worn)
Scrolls
 c - a scroll of teleportation {unknown}
 f - a scroll of blinking {unknown}
 h - a scroll of immolation {unknown}
 i - a scroll of noise {unknown}
 j - 3 scrolls of identify {unknown}
Potions
 d - a potion of magic {unknown}
 e - a potion of curing {unknown}


   Skills:
 + Level 4.1 Fighting
 + Level 4.0 Axes
 + Level 3.0 Armour
 + Level 2.7 Dodging


You had 2 spell levels left.
You didn't know any spells.
Your spell library was empty.

Dungeon Overview and Level Annotations

Branches:
Dungeon (2/15)

Altars:
Elyvilon


Innate Abilities, Weirdness & Mutations

You have a pair of horns on your head.
You reflexively headbutt those who attack you in melee.


Message History

Increase (S)trength, (I)ntelligence, or (D)exterity?
You feel stronger. x2
You are too injured to fight recklessly!
You slash the jackal!
You kill the jackal!
Trog accepts your kill.
The jackal flies into a frenzy!
You feel sick.
The jackal barks!
You slash the jackal!
You kill the jackal!
Trog accepts your kill.
You feel sick.
The jackal barely misses the jackal.
The jackal misses the jackal.
The jackal barely misses the jackal.
The jackal completely misses the jackal.
You see here a jackal corpse.
You feel a strong urge to attack something.
You feel sick.
The jackal bites the jackal.
The jackal misses the jackal.
You feel sick.
The jackal misses the jackal.
The goblin misses you.
The jackal barely misses the jackal.
You slice the goblin!!
You kill the goblin!
Trog accepts your kill.
You feel sick.
The jackal closely misses the jackal.
You are no longer berserk.
You are exhausted.
You feel yourself slow down.
The jackal barely misses the jackal.
The jackal closely misses the jackal.
Things that are here:
a +0 club; a scroll labelled ONTITI ULEKH; a goblin corpse
* * * LOW HITPOINT WARNING * * *
You feel sick.
You are no longer poisoned.
The jackal barks!
The jackal misses the jackal.
You hit the jackal. You headbutt the jackal.
You kill the jackal!
Trog accepts your kill. The jackal bites you.
You die...

##+#....... .#
...........##. #
.............. .#
.#............. ...
.#............##.#
###+#.#............#.#
...>..#.......$.....#
......#........h@).## .
......#.............#.#
......#.......†)†....#
......#.......<......#
###'###............###
#.# .....(......# #†#
##......#+#.## #.#
#.#####.....# #.# #.
#.....#


You could see a neutral jackal (fast, strong, insane).

Vanquished Creatures
  An adder (D:2)
  A giant cockroach (D:1)
  4 goblins
  2 hobgoblins
  6 jackals
  2 kobolds (D:1)
  A ball python (D:1)
  A frilled lizard (D:1)
  4 rats
22 creatures vanquished.

Notes
Turn   | Place    | Note
-------+----------+-------------------------------------------
     0 | D:1      | AlexRAT the Minotaur Berserker began the quest for the Orb.
     0 | D:1      | Reached XP level 1. HP: 19/19 MP: 0/0
   244 | D:1      | Reached XP level 2. HP: 17/27 MP: 1/1
  1349 | D:2      | Found a white marble altar of Elyvilon.
  1372 | D:2      | Reached XP level 3. HP: 11/33 MP: 2/2
  1380 | D:2      | Slain by a jackal

Illustrated notes

Levels and vault maps discovered:
D:1:      dpeg_arrival_round_b, layout_loops_corners,
          chequers_serial_rivers_marsh
D:2:      layout_basic, hellmonk_ecumenical_altar_leap_of_faith, basic_altar,
          chequers_serial_rivers_micro_e, chequers_serial_rivers_room_a,
          minmay_tripent

Skill      XL: |  1  2 |
---------------+-------+-----
Axes           | 4 |  4.0
Fighting       | 4 |  4.1
Armour         | 3 |  3.0
Dodging        | |  2.7

Action                   || total
-------------------------++-------
Melee: Hand axe          ||    36
       Headbutt          ||     5
Invok: Berserk           ||     1
Armor: Animal skin       ||     4
Dodge: Dodged            ||    26
